 Dungeon Crawl Stone Soup version 0.27.1-3-gb3d3a73c9e (webtiles) character file.

Game seed: 11679172362435883193

142 styxcanada the Covert (level 5, -2/26 HPs)
             Began as a Spriggan Brigand on Oct 22, 2021.
             Killed from afar by Ijyb (12 damage)
             ... with a puff of flame
             ... on level 3 of the Dungeon.
             The game lasted 00:07:28 (2053 turns).

styxcanada the Covert (Spriggan Brigand)            Turns: 2053, Time: 00:07:29

Health: -2/26      AC:  3    Str:  7    XL:     5   Next: 4%
Magic:  6/6        EV: 17    Int: 13    God:
Gold:   124        SH:  0    Dex: 17    Spells: 4/4 levels left

rFire    . . .     SeeInvis +   a - +2 dagger
rCold    . . .     Faith    .   (shield restricted)
rNeg     . . .     Spirit   .   b - +0 robe
rPois    .         Reflect  .   (helmet restricted)
rElec    .         Harm     .   c - +0 cloak
rCorr    .         Rampage  .   (gloves unavailable)
Will     +....                  (boots unavailable)
Stlth    ++++......             (no amulet)
HPRegen  0.08/turn              q - ring of willpower
MPRegen  0.10/turn              (no ring)

@: about to teleport, very quick
A: very small, no large weapons, unfitting armour, see invisible, speed 3
a: no special abilities


You were on level 3 of the Dungeon.
You visited 1 branch of the dungeon, and saw 3 of its levels.

You collected 124 gold pieces.

Inventory:

Hand Weapons
 a - a +2 dagger (weapon)
Missiles
 e - a curare-tipped dart (quivered)
 j - 20 stones
Armour
 b - a +0 robe (worn)
 c - a +0 cloak (worn)
Jewellery
 q - a ring of willpower (left hand)
Scrolls
 h - a scroll of magic mapping {unknown}
 k - a scroll of fear {unknown}
 l - a scroll of enchant armour {unknown}
 m - a scroll of identify {unknown}
 o - a scroll of immolation {unknown}
Potions
 i - a potion of magic {unknown}
 n - a potion of degeneration {unknown}
 p - a potion of mutation {unknown}


   Skills:
 * Level 2.1 Fighting
 + Level 2.7 Short Blades
 + Level 2.6 Throwing
 * Level 2.4 Dodging
 * Level 8.0 Stealth


You had 4 spell levels left.
You didn't know any spells.
Your spell library was empty.

Dungeon Overview and Level Annotations

Branches:
Dungeon (3/15)

Altars:

Annotations:
D:3 Ijyb


Innate Abilities, Weirdness & Mutations

You are very small and have problems with some larger weapons.
You are too small for most types of armour.
You have supernaturally acute eyesight. (SInv)
You cover ground extremely quickly. (Speed+++)


Message History

Throw: 21 stones
Press: ? - help, Q - select action, (/) - cycle Shift-Dir - straight line, f/p - orc
Aim: an orc, wielding a +0 club and wearing a +0 ring mail (65% to hit)
You throw a stone. The stone hits the orc.
The orc is lightly wounded.
An endoplasm and a giant cockroach come into view.
Found a golden potion.
Found 39 gold pieces.
Okay, then.
Throw: 2 darts (poison)
Press: ? - help, Q - select action, (/) - cycle Shift-Dir - straight line, f/p - orc
Aim: an orc, wielding a +0 club and wearing a +0 ring mail (lightly wounded, 65% to hit)
You throw a poisoned dart. The poisoned dart hits the orc.
The orc is poisoned.
The orc is lightly wounded.
Throw: dart (poison)
Press: ? - help, Q - select action, (/) - cycle Shift-Dir - straight line, f/p - orc
Aim: an orc, wielding a +0 club and wearing a +0 ring mail (lightly wounded, poisoned, 65% to hit)
You throw a poisoned dart. The poisoned dart hits the orc.
The orc looks even sicker.
The orc is lightly wounded.
Found 15 gold pieces.
Ijyb the Twisted Goblin comes into view.
She is wielding a +0 dagger and carrying a wand of flame (22).
Ijyb shouts!
Ijyb screams, "I dance on your bones!"
As you read the scroll labelled VECLISHR GIZOAW, it crumbles to dust.
You hear a loud clanging noise!
It was a scroll of noise.
You hear an angry hiss.
You hear a shout!
You hear an angry hiss.
You hear a shout!
As you read the scroll labelled ZEJYFA ZIUDE, it crumbles to dust.
You feel strangely unstable.
It was a scroll of teleportation.
You kill the orc!
Ijyb zaps a wand.
The puff of flame hits you.
Throw: 2 darts (curare)
Press: ? - help, Q - select action, (/) - cycle Shift-Dir - straight line, f - Ijyb
Aim: Ijyb, wielding a +0 dagger, wearing a +0 leather armour and carrying a wand of flame (21) (55% to hit)
You throw a curare-tipped dart.
The curare-tipped dart barely misses Ijyb.
You closely miss Ijyb.
Ijyb zaps a wand.
The puff of flame hits you!
You die...

##...#.###.............
.... #.# #.............
#.##.##.#
#......(.....)
..$....o#
#.............
#######.#
##.).......... #o#
##........... #)#
#..##[....### #B#
#.###..####
#@####.#....#
#g##.....##.#
#.#..#.####.#
###...#..# #.# ..
....##.## #.####.
......###.# ###......#
....#.##..###........#
....#(#.........[.....
......>..............#


You could see Ijyb, an orc wizard (invisible), an orc and a giant cockroach.

Vanquished Creatures
  Natasha (thrice) (D:2)
  2 adders
  3 dart slugs
  An orc (D:3)
  2 bats
  5 endoplasms
  13 giant cockroaches
  A goblin (D:3)
  3 ball pythons (D:1)
  5 frilled lizards
  3 kobolds
  3 rats
44 creatures vanquished.

Notes
Turn   | Place    | Note
-------+----------+-------------------------------------------
     0 | D:1      | styxcanada the Spriggan Brigand began the quest for the
                  | Orb.
     0 | D:1      | Reached XP level 1. HP: 10/10 MP: 2/2
   114 | D:1      | Reached skill level 6 in Stealth
   316 | D:1      | Reached XP level 2. HP: 14/14 MP: 3/3
   621 | D:1      | Found a faded altar of an unknown god.
   818 | D:2      | Noticed Natasha
   962 | D:2      | Killed Natasha
   963 | D:2      | Reached skill level 7 in Stealth
   963 | D:2      | Reached XP level 3. HP: 18/18 MP: 4/4
  1277 | D:2      | Noticed Natasha
  1292 | D:2      | Killed Natasha
  1293 | D:2      | Reached XP level 4. HP: 19/23 MP: 5/5
  1319 | D:2      | Noticed Natasha
  1724 | D:2      | Killed Natasha
  1988 | D:3      | Reached skill level 8 in Stealth
  1988 | D:3      | Reached XP level 5. HP: 26/26 MP: 6/6
  2046 | D:3      | Noticed Ijyb
  2053 | D:3      | Killed from afar by Ijyb

Illustrated notes

Levels and vault maps discovered:
D:1:      evilmike_arrival_hilbert_curve, layout_basic,
          shapermc_ecumenical_altar_ellora
D:2:      minmay_roachtagon, layout_basic, uniq_natasha
D:3:      layout_rooms, jmf_multi_god_temple, marbit_many_paths, uniq_ijyb

Skill      XL: |  1  2  3  4 |
---------------+-------------+-----
Stealth        | 6 7 8 |  8.0
Dodging        | 2 |  2.4
Fighting       | 2 |  2.1
Short Blades   | |  2.7
Throwing       | |  2.6

Action                   |  1- 3 |  4- 6 || total
-------------------------+-------+-------++-------
Melee: Dagger            |    49 |    34 ||    83
Throw: Dart              |    26 |    19 ||    45
       Stone             |     2 |     3 ||     5
  Use: Scroll            |       |     2 ||     2
 Stab: Sleeping          |    12 |     1 ||    13
Armor: Robe              |     4 |     7 ||    11
Dodge: Dodged            |    31 |    27 ||    58
